 Dungeon Crawl Stone Soup version 0.28.0-43-g3370ac3207 (webtiles) character file.

Game seed: 8389011218508045652

2263 zeratav the Insei (level 9, -4/49 (60) HPs)
             Began as an Octopode Transmuter on Apr 1, 2022.
             Slain by a wight
             ... wielding a +1 antimagic battleaxe
              (8 damage)
             ... on level 7 of the Dungeon.
             The game lasted 00:38:39 (9456 turns).

zeratav the Insei (Octopode Transmuter)             Turns: 9456, Time: 00:38:40

HP:   -4/49 (60)    AC:  2    Str:  8 (9)  XL:     9   Next: 38%
MP:   5/15          EV: 20    Int: 18 (21) God:
Gold: 226           SH:  0    Dex: 17 (18) Spells: 5/16 levels left

rFire   . . .      SeeInvis .     - Unarmed
rCold   . . .      Faith    .   (shield currently unavailable)
rNeg    . . .      Spirit   .   (helmet currently unavailable)
rPois   x          Reflect  .   (no amulet)
rElec   .          Harm     .   (no ring)
rCorr   .          Rampage  .   (no ring)
Will    .....                   (no ring)
Stlth   ++........              (no ring)
HPRegen 0.16/turn               (no ring)
MPRegen 0.14/turn               (no ring)
                                (no ring)
                                (no ring)

@: spider-form, very slightly contaminated, heavily drained
A: venomous fangs, almost no armour, (amphibious), 8 rings, tiny, (camouflage
1), (gelatinous body 1), (nimble swimmer 1), (tentacles), clever 1, screaming 1
a: End Transformation


You were on level 7 of the Dungeon.
You were a venomous arachnid creature.
You visited 1 branch of the dungeon, and saw 8 of its levels.

You collected 226 gold pieces.

Inventory:

Missiles
 k - 8 poisoned darts (quivered)
 n - 5 javelins
 q - 2 atropa-tipped darts
Armour
 a - an orb of energy (melded)
 s - a +0 buckler
Wands
 e - a wand of paralysis (4)
 l - a wand of mindburst (15)
Scrolls
 c - a scroll of amnesia
 h - 5 scrolls of fog
 i - a scroll of silence
 m - a scroll of blinking
Potions
 b - 3 potions of haste
 d - 3 potions of flight
 f - 2 potions of magic
 g - a potion of lignification {unknown}
 o - 3 potions of might
 p - 2 potions of heal wounds


   Skills:
 * Level 4.8 Fighting
 - Level 0.3 Throwing
 + Level 3.5 Dodging
 + Level 1.4 Shields
 + Level 7.4 Unarmed Combat
 + Level 4.3 Spellcasting
 + Level 4.2 Transmutations
 * Level 2.0 Ice Magic
 * Level 5.7 Poison Magic
 - Level 1.5 Evocations


You had 5 spell levels left.
You knew the following spells:

 Your Spells              Type           Power      Damage    Failure   Level
a - Beastly Appendage     Tmut           38%        N/A       10%         1
b - Spider Form           Tmut/Pois      21%        N/A       16%         3
c - Ice Form              Ice/Tmut       15%        N/A       58%         4
d - Gell's Gravitas       Tloc           3%         N/A       61%         3

Your spell library contained the following spells:

 Spells                   Type           Power      Damage    Failure   Level
 Wereblood                Tmut           19%        N/A       12%         2
 Ozocubu's Armour         Ice            11%        N/A       38%         3
 Blink                    Tloc           6%         N/A       43%         2
 Lesser Beckoning         Tloc           3%         N/A       61%         3
 Teleport Other           Tloc           3%         N/A       61%         3
 Manifold Assault         Tloc           3%         N/A       99%         5
 Dispersal                Tloc           1%         N/A       100%        6
 Ozocubu's Refrigeration  Ice            5%         4d6       100%        7


Dungeon Overview and Level Annotations

Branches:
Dungeon (8/15)
 Temple: D:4-7         Lair: D:8-11

Altars:
Cheibriados
Sif Muna
Uskayaw
Xom
Yredelemnul
The Shining One


Innate Abilities, Weirdness & Mutations

You are a venomous arachnid creature.
You have poisonous fangs.
You are tiny and dextrous.
Your spellcasting is less reliable in this form.
Your armour is entirely melded.
You are incapable of wielding weapons or throwing items.
You cannot wear most types of armour.
((You are amphibious.))
You can wear up to eight rings at the same time.
((Your skin changes colour to match your surroundings (Stealth+).))
((Your rubbery body absorbs attacks. (AC +1, EV +1)))
((You are camouflaged when in or above water. (Stealth+)))
((You have tentacles for arms and can constrict up to eight enemies at once.))
Your mind is acute. (Int +2)
You occasionally shout uncontrollably at your foes.


Message History

You climb upwards.
There is a stone staircase leading down here.
You barely miss the wight. The wight hits you with a +0 scimitar.
You feel drained. The wight misses you.
You hit the wight.
The wight is lightly damaged.
The wight hits you with a +0 scimitar!
You feel drained. The wight completely misses you.
You hit the wight.
The wight is moderately damaged.
The wight barely misses you. The wight closely misses you.
You hit the wight.
The wight is moderately damaged.
The wight hits you with a +0 scimitar!
* * * LOW HITPOINT WARNING * * *
You feel drained.
* * * LOW HITPOINT WARNING * * *
You feel much better. The wight completely misses you.
The wight hits you with a +0 scimitar!
You feel drained.
You hit the wight but do no damage.
The wight is moderately damaged.
The wight misses you. The wight completely misses you.
You hit the wight.
The wight is heavily damaged.
The wight closely misses you.
You bite the wight!
You destroy the wight!
The wight barely misses you.
Casting: Spider Form (dangerous; 16% risk of failure)
Confirm with . or Enter, or press ? or * to list all spells.
The spell is extremely dangerous to miscast (58% risk of failure)!
Continue anyway?
You miscast Ice Form.
You are very lightly contaminated with residual magic.
Nothing appears to happen.
The wight closely misses you.
You bite the wight!
The wight is severely damaged.
The wight hits you with a +1 antimagic battleaxe!
* * * LOW HITPOINT WARNING * * *
You feel drained.
You die...

.[..........[......+.......# #
.......#####.###.###.......# #
.......# #..##.# #.......# #
.......# ##.#..# ####'#########
.......# #.....# #.# #.....
.......# #.#...######.# ######
######## #............# # ###
#.##z.#.####.# #
..##########....s)....#'#### #
#.#........................# #
#[#.#.####'#..#............######
#[[...#....................'....#
#.#.###.....#.##...........####.#
#.#.###.....#.##...........# #.#
##..........#.##...........# #.#
#...........####...........# #..
#...#..#....# ############# ###


You could see a wight.

Vanquished Creatures
  A yak (D:5)
  A wraith (D:6)
  A steam dragon (D:7)
  A water moccasin (D:7)
  An orc warrior (D:7)
  2 necrophages (D:6)
  2 ogres
  A phantom (D:6)
  A bullfrog (D:7)
  3 scorpions
  8 wights
  A howler monkey (D:7)
  A centaur zombie (D:6)
  2 jellies (D:6)
  3 bullfrog skeletons (D:5)
  2 centaur skeletons
  4 iguanas
  A gnoll shaman (D:6)
  2 killer bee zombies
  A hound zombie (D:5)
  A hound skeleton (D:4)
  A howler monkey zombie (D:7)
  4 gnolls
  5 adders
  A white imp (D:6)
  A worm (D:3)
  3 dart slugs
  11 orcs
  2 endoplasms
  3 giant cockroaches (D:1)
  7 goblins
  10 hobgoblins
  10 jackals
  3 quokkas
  4 ball pythons
  4 bats
  2 frilled lizards
  5 kobolds
  8 rats
124 creatures vanquished.

Notes
Turn   | Place    | Note
-------+----------+-------------------------------------------
     0 | D:1      | zeratav the Octopode Transmuter began the quest for the
                  | Orb.
     0 | D:1      | Reached XP level 1. HP: 13/13 MP: 3/3
   369 | D:1      | Reached XP level 2. HP: 18/18 MP: 3/5
  1243 | D:1      | Reached XP level 3. HP: 22/23 MP: 4/6
  1748 | D:2      | Found a shimmering blue altar of Sif Muna.
  2508 | D:3      | Gained mutation: You are partially covered in large bone
                  | plates. (SH +4) [potion of mutation]
  2508 | D:3      | Gained mutation: You have a beak for a mouth. [potion of
                  | mutation]
  2530 | D:3      | Found a faded altar of an unknown god.
  2587 | D:3      | Reached skill level 1 in Poison Magic
  2587 | D:3      | Reached XP level 4. HP: 18/29 MP: 5/7
  2844 | D:3      | Identified the +9 short sword "Jyot" {flame, rElec}
  2851 | D:3      | Learned a level 3 spell: Spider Form
  3651 | D:3      | Reached skill level 4 in Unarmed Combat
  3835 | D:4      | Noticed a scorpion
  3839 | D:4      | Killed a scorpion
  3840 | D:4      | Reached skill level 1 in Shields
  3840 | D:4      | Reached skill level 1 in Evocations
  3840 | D:4      | Reached XP level 5. HP: 34/34 MP: 8/8
  3974 | D:4      | Found a hide-covered altar of Uskayaw.
  3974 | D:4      | Found a faded altar of an unknown god.
  3981 | D:4      | Found a basalt altar of Yredelemnul.
  3983 | D:4      | Found a glowing golden altar of the Shining One.
  3985 | D:4      | Found a faded altar of an unknown god.
  4627 | D:5      | Entered Level 5 of the Dungeon
  4678 | D:5      | Noticed an ogre
  4685 | D:5      | Killed an ogre
  4686 | D:5      | Reached XP level 6. HP: 41/41 MP: 6/10
  4835 | D:5      | Noticed a yak
  4887 | D:5      | Killed a yak
  4888 | D:5      | Reached XP level 7. HP: 40/45 MP: 7/11
  5019 | D:5      | Reached skill level 5 in Unarmed Combat
  5310 | D:5      | Lost mutation: You have a beak for a mouth. [potion of
                  | mutation]
  5310 | D:5      | Lost mutation: You are partially covered in large bone
                  | plates. (SH +4) [potion of mutation]
  5310 | D:5      | Gained mutation: You are clumsy. (Dex -2) [potion of
                  | mutation]
  5310 | D:5      | Gained mutation: Your flesh is heat resistant. (rF+)
                  | [potion of mutation]
  5311 | D:5      | Lost mutation: You are clumsy. (Dex -2) [potion of
                  | mutation]
  5311 | D:5      | Lost mutation: Your flesh is heat resistant. (rF+) [potion
                  | of mutation]
  5311 | D:5      | Gained mutation: Your mind is acute. (Int +2) [potion of
                  | mutation]
  5311 | D:5      | Gained mutation: You occasionally shout uncontrollably at
                  | your foes. [potion of mutation]
  6006 | D:6      | Reached XP level 8. HP: 40/52 MP: 8/13
  6080 | D:6      | Found a shimmering altar of Xom.
  6372 | D:6      | Reached skill level 6 in Unarmed Combat
  6455 | D:6      | Noticed a wraith
  6471 | D:6      | Killed a wraith
  7146 | D:6      | Reached skill level 5 in Poison Magic
  7359 | D:6      | Found a snail-covered altar of Cheibriados.
  7479 | D:7      | Reached skill level 1 in Ice Magic
  7479 | D:7      | Reached XP level 9. HP: 29/59 MP: 15/15
  7638 | D:7      | Learned a level 4 spell: Ice Form
  7644 | D:7      | Learned a level 3 spell: Gell's Gravitas
  7658 | D:7      | Reached skill level 7 in Unarmed Combat
  9456 | D:7      | Slain by a wight

Illustrated notes

Levels and vault maps discovered:
D:1:      lightli_arrival_windingriver, layout_loops_ring
D:2:      layout_basic, basic_altar
D:3:      layout_loops_ring, shapermc_ecumenical_altar_mp_highgroup,
          serial_aquarium, aquarium_bridge_long_joined
          [aquarium_subvault_balcony, aquarium_subvault_window,
          aquarium_subvault_bridge, aquarium_subvault_window,
          aquarium_subvault_window, aquarium_subvault_wall], aquarium_window_1,
          aquarium_window_1, aquarium_window_corridor_3, aquarium_window_fake,
          aquarium_view_4, aquarium_balcony_double_1, aquarium_pool_side,
          minmay_fractal_squares_diagonal_5
D:4:      layout_basic, chequers_temple_overflow_minitemple
D:5:      kb_forest_paths, layout_loops_corners, lemuel_blue_sif_altar,
          minmay_temple_entry_butterflies, serial_shops, nicolae_shop_crystal
D:6:      layout_basic, marbit_many_paths, lemuel_doored_altar
D:7:      layout_basic
D:8:      layout_cave_pools, okawaru_gym_becter, mainiacjoe_overflow_alcove_1,
          hangedman_decor_lopped

Skill      XL: |  1  2  3  4  5  6  7  8  9 |
---------------+----------------------------+-----
Poison Magic   | 1 2 4 5 |  5.7
Unarmed Combat | 4 5 6 7 |  7.4
Shields        | 1 |  1.4
Evocations     | 1 |  1.5
Fighting       | 2 3 4 |  4.8
Spellcasting   | 3 4 |  4.3
Transmutations | 3 4 |  4.2
Dodging        | 3 |  3.5
Ice Magic      | 1 2 |  2.0
Throwing       | |  0.3

Action                   |  1- 3 |  4- 6 |  7- 9 || total
-------------------------+-------+-------+-------++-------
Melee: Unarmed           |    76 |    95 |   247 ||   418
       Constrict         |    23 |    10 |     1 ||    34
       Tentacles         |    15 |     5 |       ||    20
       Kick              |    23 |    10 |       ||    33
       Peck              |     1 |    10 |       ||    11
       Punch             |       |     2 |     1 ||     3
Throw: Dart              |       |     4 |     2 ||     6
 Cast: Beastly Appendage |    24 |    12 |     2 ||    38
       Spider Form       |       |    13 |    33 ||    46
       Ice Form          |       |       |     2 ||     2
Evoke: Wand              |       |     5 |       ||     5
  Use: Scroll            |     5 |     7 |     3 ||    15
       Potion            |     1 |       |    10 ||    11
 Stab: Sleeping          |     4 |     1 |     1 ||     6
Armor: Skin              |     5 |     5 |    10 ||    20
Dodge: Dodged            |    53 |    56 |   212 ||   321
Block: Other             |     1 |     3 |     3 ||     7
